 Dungeon Crawl Stone Soup version 0.30-a0-462-gd5975efbca (webtiles) character file.

Game seed: 9949209701338726525

246476 Fonys the Imperceptible (level 19, -5/105 (107) HPs)
             Began as a Spriggan Enchanter on Dec 15, 2022.
             Was the Champion of Dithmenos.
             Killed from afar by an ancient lich (54 damage)
             ... with a crystal spear
             ... on level 2 of the Vaults on Dec 16, 2022.
             The game lasted 01:49:09 (39094 turns).

Fonys the Imperceptible (Spriggan Enchanter)       Turns: 39094, Time: 01:49:10

HP:   -5/105 (107)  AC: 13    Str:  6    XL:     19   Next: 20%
MP:   3/43          EV: 37    Int: 16    God:    Dithmenos [******]
Gold: 2637          SH:  0    Dex: 24    Spells: 22/56 levels left

rFire   + . .      SeeInvis +    a - +8 dagger (vorpal)
rCold   + . .      Faith    .    (no shield)
rNeg    . . .      Spirit   .    R - +2 robe {rC+ rF+}
rPois   .          Reflect  .    l - +2 hat
rElec   .          Harm     .    S - +2 cloak {Will+}
rCorr   .          Rampage  .    (gloves unavailable)
Will    ++++.                    (boots unavailable) Stlth *********+
                                 A - amulet of magic regeneration
HPRegen 0.37/turn                J - ring of wizardry
MPRegen 0.68/turn                W - +4 ring of protection

@: very slightly contaminated, wreathed by umbra, lightly drained, very quick
A: very small, no large weapons, unfitting armour, see invisible, speed 3, thin
skeletal structure 1, MP-powered wands
}: 1/15 runes: serpentine
a: Renounce Religion, Shadow Step, Shadow Form


You were on level 2 of the Vaults.
You worshipped Dithmenos.
Dithmenos was exalted by your worship.
You visited 7 branches of the dungeon, and saw 32 of its levels.
You also visited: Ossuary.

You collected 3569 gold pieces.
You spent 932 gold pieces at shops.

Inventory:

Hand Weapons
 a - a +8 vorpal dagger (weapon)
 x - a +2 dagger of holy wrath
 I - a +2 dagger of electrocution
Missiles
 h - 17 curare-tipped darts (quivered)
 z - 2 throwing nets
 K - 4 atropa-tipped darts
Armour
 l - a +2 hat (worn)
 R - a +2 robe of resistance (worn)
 S - a +2 cloak of willpower (worn)
Jewellery
 p - the ring "Qimoy" {rPois Str+4 Int+3 Dex+3 Stlth+}
   (You acquired it on level 6 of the Dungeon)

   [ring of poison resistance]

   Str:       It affects your strength (+4).
   Int:       It affects your intelligence (+3).
   Dex:       It affects your dexterity (+3).
   rPois:     It protects you from poison.
   Stlth:     It makes you more stealthy.
 s - a ring of fire
 y - a ring of positive energy
 A - an amulet of magic regeneration (around neck)
 C - a ring of fire
 J - a ring of wizardry (left hand)
 T - a ring of magical power
 V - a ring of flight
 W - a +4 ring of protection (right hand)
Wands
 q - a wand of paralysis (29)
 t - a wand of roots (5)
 w - a wand of polymorph (10)
 B - a wand of light (9)
 E - a wand of flame (4)
 H - a wand of digging (6)
Scrolls
 e - 6 scrolls of enchant armour
 f - 6 scrolls of teleportation
 j - 8 scrolls of fog
 v - 6 scrolls of amnesia
 F - a scroll of fear
 L - 14 scrolls of identify
 N - 3 scrolls of magic mapping
 Q - a scroll of vulnerability
 U - a scroll of brand weapon
Potions
 b - 3 potions of heal wounds
 c - 3 potions of invisibility
 d - 9 potions of flight
 g - 12 potions of curing
 i - 7 potions of mutation
 k - 4 potions of magic
 m - 5 potions of brilliance
 n - 2 potions of haste
 o - 5 potions of might
 u - 8 potions of lignification
 D - 5 potions of berserk rage
 G - 4 potions of resistance
Miscellaneous
 r - a box of beasts
 M - a condenser vane
 O - a lightning rod (4/4)
 P - a tin of tremorstones (2/2)


   Skills:
 + Level 14.6 Fighting
 - Level 12.0 Short Blades
 + Level 18.7 Dodging
 + Level 23.8 Stealth
 + Level 19.4 Spellcasting
 + Level 19.4 Hexes


You had 22 spell levels left.
You knew the following spells:

 Your Spells              Type           Power      Damage    Failure   Level
a - Ensorcelled Hibernat  Hex/Ice        92%        N/A       1%          2
b - Tukima's Dance        Hex            67%        N/A       0%          3
c - Dazzling Flash        Conj/Hex       92%        N/A       1%          3
d - Confusing Touch       Hex            67%        N/A       0%          3
e - Enfeeble              Hex            33%        N/A       1%          7
f - Anguish               Hex/Necr       23%        N/A       1%          4
g - Summon Mana Viper     Hex/Summ       46%        N/A       1%          5
h - Teleport Other        Tloc           15%        N/A       4%          3
i - Dispel Undead         Necr           15%        3d10      14%         4

Your spell library contained the following spells:

 Spells                   Type           Power      Damage    Failure   Level
 Beastly Appendage        Tmut           30%        N/A       1%          1
 Kiss of Death            Conj/Necr      60%        2d10      1%          1
 Magic Dart               Conj           60%        1d6       1%          1
 Fulminant Prism          Conj/Hex       23%        3d12      1%          4
 Metabolic Englaciation   Hex/Ice        23%        N/A       1%          5
 Silence                  Hex/Air        23%        N/A       1%          5
 Yara's Violent Unravell  Hex/Tmut       23%        3d10      1%          5
 Call Imp                 Summ           15%        N/A       2%          2
 Passwall                 Tmut/Erth      12%        N/A       2%          2
 Scorch                   Fire           30%        2d7       2%          2
 Searing Ray              Conj           30%        2d5       2%          2
 Wereblood                Tmut           15%        N/A       2%          2
 Gell's Gravitas          Tloc           15%        N/A       4%          3
 Mephitic Cloud           Conj/Pois/Air  15%        N/A       4%          3
 Ozocubu's Armour         Ice            15%        N/A       4%          3
 Spider Form              Tmut/Pois      15%        N/A       4%          3
 Swiftness                Air            15%        N/A       4%          3
 Vhi's Electric Charge    Tloc/Air       30%        N/A       4%          3
 Airstrike                Air            7%         2d(2-18)  14%         4
 Flame Wave               Conj/Fire      15%        2d7       14%         4
 Passage of Golubria      Tloc           15%        N/A       14%         4
 Summon Ice Beast         Ice/Summ       15%        N/A       14%         4
 Summon Lightning Spire   Summ/Air       15%        N/A       14%         4
 Agony                    Necr           15%        N/A       34%         5
 Arcjolt                  Conj/Air       7%         1d17      34%         5
 Lightning Bolt           Conj/Air       7%         1d20      34%         5
 Dispersal                Tloc           7%         N/A       88%         6
 Simulacrum               Ice/Necr       7%         N/A       88%         6
 Summon Cactus Giant      Summ           7%         N/A       88%         6
 Monstrous Menagerie      Summ           7%         N/A       100%        7
 Lehudib's Crystal Spear  Conj/Erth      7%         10d3      100%        8
 Maxwell's Capacitive Co  Air            7%         ∞         100%        8


Dungeon Overview and Level Annotations

Branches:
Dungeon (15/15)            Temple (1/1) D:4            Lair (5/5) D:8
  Swamp (2/4) Lair:3        Snake (4/4) Lair:2        Slime (0/5) Lair:5
    Orc (2/2) D:10            Elf (0/3) Orc:2        Vaults (3/5) D:13
 Depths (0/4) D:15        Ossuary (visited)
  Crypt: Vaults:2-3

Altars:
Ashenzari
Cheibriados
Dithmenos
Elyvilon
Fedhas
Gozag
Hepliaklqana
Kikubaaqudgha
Makhleb
Nemelex Xobeh
Okawaru
Qazlal
Ru
Sif Muna
Trog
Uskayaw
Vehumet
Wu Jian
Xom
Yredelemnul
Zin
The Shining One
Jiyva

Shops:
D:5 *   Orc:1 (   Orc:2 (*[[   Vaults:2 (

Portals:
Hell: Lair:5

Annotations:
D:13 2 transporters, exclusion: obsidian statue, Ijustatesigmund's ghost, journeyman DjFE
Snake:3 1 runed translucent door, Yptair's ghost, adept MiFi
Vaults:2 3 runed translucent doors, Koerph's ghost, adept SpEn


Innate Abilities, Weirdness & Mutations

You are very small and have problems with some larger weapons.
You are too small for most types of armour.
You have supernaturally acute eyesight. (SInv)
You cover ground extremely quickly. (Speed+++)
You have a somewhat thin skeletal structure. (Dex +2, Stealth+)
You expend magic power (3 MP) to strengthen your wands.


Message History

Aiming: Dispel Undead (dangerous; 14% risk of failure)
Press: ? - help, Shift-Dir - straight line, f/p - ancient lich
Aim: an ancient lich (black smoke, severely damaged, fast, slightly transparent, umbra, 100% to hit)
The ancient lich is dispelled!
The ancient lich completely misses you.
Unknown command.
Casting: Dispel Undead (dangerous; 14% risk of failure)
Confirm with . or Enter, or press ? or * to list all spells.
Aiming: Dispel Undead (dangerous; 14% risk of failure)
Press: ? - help, Shift-Dir - straight line, f/p - ancient lich
Aim: an ancient lich (black smoke, almost destroyed, fast, slightly transparent, umbra, 100% to hit)
The ancient lich is dispelled.
The ancient lich completely misses you. The ancient lich barely misses you.
Unknown command.
Unknown command.
Casting: Dispel Undead (dangerous; 14% risk of failure)
Confirm with . or Enter, or press ? or * to list all spells.
Aiming: Dispel Undead (dangerous; 14% risk of failure)
Press: ? - help, Shift-Dir - straight line, f/p - ancient lich
Aim: an ancient lich (black smoke, almost destroyed, fast, slightly transparent, umbra, 100% to hit)
You miscast Dispel Undead.
Nothing appears to happen.
The ancient lich touches you but does no damage.
Unknown command.
Casting: Dispel Undead (dangerous; 14% risk of failure)
Confirm with . or Enter, or press ? or * to list all spells.
Aiming: Dispel Undead (dangerous; 14% risk of failure)
Press: ? - help, Shift-Dir - straight line, f/p - ancient lich
Aim: an ancient lich (black smoke, almost destroyed, fast, slightly transparent, umbra, 100% to hit)
The ancient lich is dispelled!
The ancient lich touches you but does no damage.
The ancient lich completely misses you.
Casting: Dispel Undead (dangerous; 14% risk of failure)
Confirm with . or Enter, or press ? or * to list all spells.
Aiming: Dispel Undead (dangerous; 14% risk of failure)
Press: ? - help, Shift-Dir - straight line, f/p - ancient lich
Aim: an ancient lich (black smoke, almost destroyed, fast, slightly transparent, umbra, 100% to hit)
The ancient lich is dispelled.
The ancient lich gestures at you while chanting.
The crystal spear hits you!!!
Ouch! That really hurt!
You die...

########## .........#
.........# ########
.........# #......#
.........# #.§....#
.........# #§§§...#
.......(.# #§§..<.#
......†..# #@§....#
...∩.....# #L§....#
.........########'§####
.........'........§#
.........'.........#
##########....>....#
#.........# #.........#
#...[.....#


You could see an ancient lich (fast, invisible).

Vanquished Creatures
  Saint Roka (Snake:2)
  Rupert (Lair:5)
  Jorgrun (D:15)
  A lich (Vaults:1)
  Frances (Snake:1)
  A sphinx (Vaults:1)
  A thorn hunter (Swamp:2)
  Kirke (Snake:1)
  A tengu reaver (Vaults:2)
  2 nagarajas
  7 vault wardens
  2 orc warlords
  9 ironbound preservers
  2 ironbound thunderhulks (Vaults:1)
  A war gargoyle (Vaults:2)
  A very ugly thing (D:15)
  2 eleionomae (Swamp:2)
  Snorg (Lair:4)
  16 dire elephants
  2 crystal guardians (Vaults:3)
  6 great orbs of eyes
  4 yaktaur captains
  Fannar (D:11)
  A peacekeeper (Vaults:3)
  8 hydras
  Harold (D:10)
  A vault guard (Vaults:1)
  A ghost crab (Swamp:2)
  2 rakshasas (D:15)
  4 salamander tyrants
  4 ogre magi
  10 centaur warriors
  2 ironbound frosthearts (Vaults:2)
  A catoblepas (D:14)
  A boulder beetle (D:11)
  9 anacondas
  5 alligators (Swamp:1)
  19 two-headed ogres
  3 death yaks (Lair:5)
  17 naga warriors
  2 tengu warriors
  Erica (D:8)
  Sonja (Orc:1)
  A sun demon (Lair:5)
  10 shock serpents
  A shock serpent (shapeshifter) (D:15)
  10 naga sharpshooters
  A sixfirhy (D:12)
  A spriggan (Swamp:2)
  Amaemon (Lair:2)
  7 salamander mystics
  7 skeletal warriors
  A spriggan druid (Swamp:1)
  7 naga ritualists
  2 sea snakes (Snake:2)
  18 deep trolls
  8 ironbound convokers
  2 orc knights
  12 lindwurms
  2 bog bodies (Swamp:1)
  2 swamp dragons
  3 wizards
  A harpy (shapeshifter) (D:13)
  2 deep elf pyromancers
  A necromancer (D:13)
  16 mana vipers
  11 ugly things
  2 orc sorcerers (Orc:2)
  3 manticores
  26 salamanders
  6 cyclopes
  43 black mambas
  Joseph (D:10)
  6 guardian serpents
  3 orange demons
  12 naga magi
  A black mamba (shapeshifter) (D:15)
  5 gargoyles
  6 vault sentinels
  6 elephants (Lair:5)
  2 smoke demons
  A torpor snail (Lair:5)
  22 yaktaurs
  11 cane toads
  9 kobold demonologists (D:10)
  Psyche (D:8)
  An unseen horror (D:13)
  4 komodo dragons
  2 ice devils (Lair:5)
  5 rime drakes
  3 hellwings (D:12)
  A tengu conjurer (D:15)
  A red devil (Lair:5)
  2 polar bears
  13 trolls
  A tarantella (shapeshifter) (D:15)
  A hornet (Swamp:2)
  14 blink frogs
  9 tyrant leeches
  Prince Ribbit (D:7)
  5 dream sheep (Lair:4)
  44 slime creatures
  A human simulacrum (Vaults:3)
  A dancing weapon (Vaults:1)
  A water elemental (D:12)
  A vampire (D:14)
  2 shadows (D:12)
  A basilisk (Lair:2)
  52 yaks
  3 wraiths
  7 wyverns
  A chaos spawn (D:12)
  16 vampire mosquitoes
  Menkaure (D:5)
  14 wargs
  9 swamp worms
  41 nagas
  2 acid dragons
  4 hell hounds
  13 water moccasins
  26 orc warriors
  2 sky beasts (D:6)
  3 black bears
  2 ice beasts (D:8)
  12 wolves
  36 ogres
  8 centaurs
  10 kobold brigands
  6 bullfrogs
  5 gnoll sergeants
  2 necrophages
  A scorpion (D:5)
  Dowan (D:7)
  A wight (D:9)
  10 killer bees
  15 howler monkeys
  14 electric eels
  A centaur zombie (Ossuary)
  5 hounds
  14 orc priests
  6 jellies
  5 gnoll boudas
  Ijyb (D:5)
  2 iguanas
  19 orc wizards
  2 mummies (Ossuary)
  27 gnolls
  8 adders
  2 shadow imps (D:5)
  2 white imps
  3 adder zombies (Ossuary)
  2 worms (D:3)
  4 dart slugs
  40 orcs
  6 endoplasms
  A giant cockroach (D:1)
  6 goblins
  4 hobgoblins
  10 jackals
  5 quokkas
  10 ball pythons
  2 bats
  3 frilled lizards
  A goblin zombie (D:7)
  9 hobgoblin zombies (Ossuary)
  A jackal zombie (Ossuary)
  22 kobolds
  9 kobold zombies (Ossuary)
  9 orc zombies (Ossuary)
  A quokka zombie (D:7)
  5 rats
  4 rat zombies (Ossuary)
1133 creatures vanquished.

Vanquished Creatures (collateral kills)
  An orc warlord (Orc:1)
  A deep elf pyromancer (D:10)
  A salamander (Snake:2)
  A vampire mosquito (Swamp:2)
  2 nagas
  A warg (Orc:1)
  4 orc warriors
  An ogre (Orc:1)
  2 gnoll sergeants (D:10)
  8 wights (D:9)
  A howler monkey (D:9)
  An orc priest (D:10)
  2 gnolls
  8 orcs
  A kobold (D:10)
35 creatures vanquished.

Vanquished Creatures (others)
  A will-o-the-wisp (Swamp:1)
  An orange demon (Lair:5)
  3 bloated husks
  2 spriggans (Swamp:1)
  22 dancing weapons
  4 humans (Snake:2)
  Duvessa (D:7)
  A centaur (D:13)
  A jelly (D:7)
  A gnoll bouda (D:10)
  An orc priest (Orc:2)
  2 foxfires (Swamp:1)
  8 fungi
  31 plants
79 creatures vanquished.

Grand Total: 1247 creatures vanquished

Notes
Turn   | Place    | Note
-------+----------+-------------------------------------------
     0 | D:1      | Fonys the Spriggan Enchanter began the quest for the Orb.
     0 | D:1      | Reached XP level 1. HP: 9/9 MP: 5/5
   232 | D:1      | Reached XP level 2. HP: 13/13 MP: 7/7
   235 | D:1      | Learned a level 2 spell: Ensorcelled Hibernation
  1112 | D:2      | Reached XP level 3. HP: 9/16 MP: 1/9
  1116 | D:2      | Learned a level 3 spell: Tukima's Dance
  1120 | D:2      | Learned a level 3 spell: Confusing Touch
  1559 | D:2      | Found a faded altar of an unknown god.
  2313 | D:3      | Reached skill level 5 in Hexes
  2313 | D:3      | Reached XP level 4. HP: 21/21 MP: 11/11
  2317 | D:3      | Learned a level 3 spell: Dazzling Flash
  2613 | D:3      | Found a hazy altar of Hepliaklqana.
  2755 | D:3      | Gained mutation: You have a somewhat thin skeletal
                  | structure. (Dex +2, Stealth+) [potion of mutation]
  2755 | D:3      | Gained mutation: You expend magic power (3 MP) to
                  | strengthen your wands. [potion of mutation]
  2823 | D:4      | Noticed a bullfrog
  2828 | D:4      | Killed a bullfrog
  2829 | D:4      | Reached skill level 5 in Spellcasting
  2829 | D:4      | Reached XP level 5. HP: 24/24 MP: 7/13
  2833 | D:4      | Found a staircase to the Ecumenical Temple.
  2844 | Temple   | Entered the Ecumenical Temple
  2852 | Temple   | Became a worshipper of Dithmenos the Shadowed
  2921 | D:4      | Found a blossoming altar of Fedhas.
  3080 | D:4      | Noticed an ogre
  3151 | D:4      | Killed an ogre
  3152 | D:4      | Reached skill level 5 in Stealth
  3152 | D:4      | Reached XP level 6. HP: 28/28 MP: 3/15
  3907 | D:5      | Entered Level 5 of the Dungeon
  3925 | D:5      | Reached skill level 6 in Stealth
  4014 | D:5      | Noticed Menkaure
  4026 | D:5      | Killed Menkaure
  4027 | D:5      | Reached XP level 7. HP: 32/32 MP: 14/17
  4108 | D:5      | Reached * piety under Dithmenos
  4116 | D:5      | Reached skill level 7 in Stealth
  4223 | D:5      | Found Uwkop's Assorted Antiques.
  4235 | D:5      | Bought a scroll of identify for 50 gold pieces
  4235 | D:5      | Bought a potion of curing for 75 gold pieces
  4235 | D:5      | Bought a potion of curing for 75 gold pieces
  4298 | D:5      | Reached skill level 8 in Stealth
  4333 | D:5      | Reached XP level 8. HP: 36/36 MP: 14/20
  4652 | D:5      | Noticed Ijyb
  4668 | D:5      | Killed Ijyb
  5034 | D:6      | Found a bloodstained altar of Trog.
  5038 | D:6      | Reached skill level 9 in Stealth
  5358 | D:6      | Reached skill level 10 in Stealth
  5602 | D:6      | Reached XP level 9. HP: 39/39 MP: 19/23
  5796 | D:6      | Identified a scroll of acquirement
  5796 | D:6      | Acquired the ring "Qimoy" {rPois Str+4 Int+3 Dex+3 Stlth+}
  5957 | D:7      | Noticed Duvessa
  5957 | D:7      | Noticed Dowan
  5974 | D:7      | Killed Duvessa
  5986 | D:7      | Killed Dowan
  6082 | D:7      | Reached ** piety under Dithmenos
  6167 | D:7      | Noticed Prince Ribbit
  6171 | D:7      | Found a sand-covered staircase.
  6207 | D:7      | Found a radiant altar of Vehumet.
  6224 | Ossuary  | Entered an ossuary
  6417 | Ossuary  | Reached skill level 11 in Stealth
  6519 | Ossuary  | Reached *** piety under Dithmenos
  6665 | D:7      | Killed Prince Ribbit
  6666 | D:7      | Reached skill level 10 in Hexes
  7230 | D:8      | Reached skill level 10 in Spellcasting
  7283 | D:8      | Reached skill level 1 in Fighting
  7485 | D:8      | Reached skill level 12 in Stealth
  7585 | D:8      | Noticed a two-headed ogre
  7589 | D:8      | Killed a two-headed ogre
  7590 | D:8      | Reached XP level 10. HP: 44/48 MP: 14/25
  7686 | D:8      | Noticed a two-headed ogre
  7690 | D:8      | Noticed Erica
  7954 | D:8      | Found a staircase to the Lair.
  7963 | D:8      | Killed a two-headed ogre
  8047 | D:8      | Reached **** piety under Dithmenos
  8156 | D:8      | Killed Erica
  8157 | D:8      | Reached skill level 5 in Dodging
  8420 | D:8      | Noticed Psyche
  8429 | D:8      | Killed Psyche
  8430 | D:8      | Reached skill level 13 in Stealth
  8881 | D:9      | Reached skill level 5 in Short Blades
  9037 | D:10     | Entered Level 10 of the Dungeon
  9041 | D:10     | Reached XP level 11. HP: 41/54 MP: 3/27
  9475 | D:9      | Acquired 882 gold pieces
  9561 | D:9      | Reached ***** piety under Dithmenos
 10260 | D:10     | Reached skill level 5 in Fighting
 10346 | D:10     | Found a shimmering altar of Xom.
 10350 | D:10     | Found an ancient bone altar of Kikubaaqudgha.
 10429 | D:10     | Found a snail-covered altar of Cheibriados.
 10719 | D:10     | Noticed Joseph
 10833 | D:10     | Noticed a two-headed ogre
 10840 | D:10     | Killed a two-headed ogre
 11177 | D:10     | Killed Joseph
 11355 | D:10     | Noticed a deep elf pyromancer
 11362 | D:10     | Reached skill level 14 in Stealth
 11375 | D:10     | Killed a deep elf pyromancer
 11518 | D:10     | Found a staircase to the Orcish Mines.
 11523 | D:10     | Reached XP level 12. HP: 49/62 MP: 24/28
 11679 | D:10     | Noticed a two-headed ogre
 11712 | D:10     | Killed a two-headed ogre
 11948 | D:10     | Noticed Harold
 12198 | D:10     | Learned a level 7 spell: Enfeeble
 12203 | D:10     | Learned a level 4 spell: Anguish
 12323 | D:10     | Killed Harold
 12608 | D:11     | Noticed a boulder beetle
 12616 | D:11     | Killed a boulder beetle
 12693 | D:11     | Reached skill level 15 in Stealth
 12784 | D:11     | Reached skill level 10 in Short Blades
 12868 | D:11     | Noticed a two-headed ogre
 12874 | D:11     | Killed a two-headed ogre
 12955 | D:11     | Noticed Fannar
 12965 | D:11     | Killed Fannar
 13290 | D:12     | Noticed a two-headed ogre
 13293 | D:12     | Killed a two-headed ogre
 13294 | D:12     | Reached XP level 13. HP: 69/69 MP: 30/30
 13327 | D:12     | Reached ****** piety under Dithmenos
 14849 | D:13     | Reached skill level 10 in Dodging
 14935 | D:13     | Noticed Ijustatesigmund's ghost (journeyman DjFE)
 14946 | D:13     | Found a transporter.
 15000 | D:13     | Noticed a white very ugly thing
 15088 | D:13     | Found a transporter.
 15221 | D:13     | Reached skill level 16 in Stealth
 15597 | D:13     | Found a gate to the Vaults.
 16327 | Lair:1   | Entered Level 1 of the Lair of Beasts
 17341 | Lair:2   | Noticed Amaemon
 17344 | Lair:2   | Killed Amaemon
 17345 | Lair:2   | Reached XP level 14. HP: 70/76 MP: 28/32
 17430 | Lair:2   | Reached skill level 10 in Fighting
 17633 | Lair:2   | Identified the amulet "Elebbav" {Spirit Int+5}
 17655 | Lair:2   | Found a staircase to the Snake Pit.
 17850 | Lair:2   | Reached skill level 17 in Stealth
 18697 | Lair:3   | Found a staircase to the Swamp.
 18794 | Lair:3   | Identified the +5 flail "Xobiwit" {chaos, rF+ rC+ Int-5
                  | SInv}
 19180 | Lair:3   | Learned a level 5 spell: Summon Mana Viper
 19184 | Lair:3   | Learned a level 3 spell: Teleport Other
 19796 | Lair:4   | Noticed Snorg
 19800 | Lair:4   | Killed Snorg
 20146 | Lair:5   | Entered Level 5 of the Lair of Beasts
 20164 | Lair:5   | Found a viscous altar of Jiyva.
 20164 | Lair:5   | Found a staircase to the Slime Pits.
 20769 | Lair:5   | Noticed Rupert
 20771 | Lair:5   | Killed Rupert
 20772 | Lair:5   | Reached skill level 18 in Stealth
 20908 | Lair:5   | Found a burning altar of Makhleb.
 20909 | Lair:5   | Found a gateway to Hell.
 20926 | Lair:5   | Reached skill level 15 in Hexes
 21088 | Lair:5   | Reached XP level 15. HP: 83/83 MP: 31/34
 21381 | Lair:5   | Reached skill level 15 in Spellcasting
 21711 | Orc:1    | Entered Level 1 of the Orcish Mines
 21813 | Orc:1    | Noticed Sonja
 21828 | Orc:1    | Killed Sonja
 21829 | Orc:1    | Found Naon's Weapon Emporium.
 22170 | Orc:2    | Entered Level 2 of the Orcish Mines
 22196 | Orc:2    | Found Risch's Antique Armour Shoppe.
 22409 | Orc:2    | Found Zuites's Armour Boutique.
 22421 | Orc:2    | Found Luynug's General Store.
 22422 | Orc:2    | Found Qeweacudu's Weapon Shoppe.
 22444 | Orc:2    | Bought a potion of heal wounds for 60 gold pieces
 22444 | Orc:2    | Bought a potion of mutation for 96 gold pieces
 22452 | Orc:2    | Reached skill level 19 in Stealth
 22678 | Orc:2    | Bought a runed cloak for 240 gold pieces
 22877 | Orc:2    | Found a staircase to the Elven Halls.
 23757 | D:15     | Entered Level 15 of the Dungeon
 24479 | D:15     | Found a staircase to the Depths.
 24656 | D:15     | Noticed Jorgrun
 24658 | D:15     | Killed Jorgrun
 25023 | D:15     | Reached XP level 16. HP: 88/88 MP: 31/37
 25911 | Snake:1  | Entered Level 1 of the Snake Pit
 26349 | Snake:1  | Reached skill level 20 in Stealth
 27111 | Snake:1  | Noticed Frances
 27113 | Snake:1  | Killed Frances
 27232 | Snake:2  | Noticed Kirke
 27243 | Snake:1  | Noticed a sphinx
 27257 | Snake:1  | Killed Kirke
 27552 | Snake:2  | Noticed Saint Roka
 27552 | Snake:2  | You fall into a shaft and drop 1 floor!
 27599 | Snake:3  | Reached skill level 15 in Dodging
 27726 | Snake:2  | Killed Saint Roka
 29252 | Snake:3  | Found a runed translucent door.
 29255 | Snake:3  | Noticed Yptair's ghost (adept MiFi)
 29255 | Snake:3  | Found the necklace of Bloodlust {*Rage Will++ Int-3 Slay+6}
 29764 | Snake:3  | Reached skill level 21 in Stealth
 30035 | Snake:4  | Entered Level 4 of the Snake Pit
 30238 | Swamp:1  | Entered Level 1 of the Swamp
 30244 | Swamp:1  | Reached XP level 17. HP: 95/95 MP: 39/39
 30323 | Swamp:1  | Upgraded the game from 0.30-a0-459-g9104f0fc43 to
                  | 0.30-a0-462-gd5975efbca
 33234 | Snake:4  | Reached skill level 22 in Stealth
 34440 | Snake:4  | Reached XP level 18. HP: 101/101 MP: 35/41
 34610 | Snake:4  | Got a serpentine rune of Zot
 34973 | Vaults:1 | Entered Level 1 of the Vaults
 36311 | Vaults:1 | Reached skill level 23 in Stealth
 36769 | Vaults:2 | Found a runed translucent gate.
 36769 | Vaults:2 | Found a runed translucent gate.
 36769 | Vaults:2 | Found a runed translucent gate.
 36769 | Vaults:2 | Found an ancient bone altar of Kikubaaqudgha.
 36769 | Vaults:2 | Noticed a lich
 36769 | Vaults:2 | Noticed a dread lich
 36769 | Vaults:2 | Noticed an ancient lich
 36769 | Vaults:2 | Noticed a lich
 37777 | Vaults:2 | Reached XP level 19. HP: 107/107 MP: 43/43
 37922 | Vaults:2 | Found Ceafo's Antique Weapon Emporium.
 37938 | Vaults:2 | Bought a translucent short sword for 336 gold pieces
 37938 | Vaults:2 | Identified the +7 short sword of Indomitability {antimagic,
                  | rF+ SInv Stlth+} (You bought it in a shop on level 2 of the
                  | Vaults)
 38062 | Vaults:2 | Noticed Koerph's ghost (adept SpEn)
 38651 | Vaults:1 | Learned a level 4 spell: Dispel Undead
 39094 | Vaults:2 | Killed from afar by an ancient lich

Illustrated notes

Levels and vault maps discovered:
D:1:      kilobyte_arrival_exit_the_forest, layout_basic,
          nicolae_figureground_pulse
D:2:      layout_loops_ring, ebering_ecumenical_altar_mist, serial_glass,
          glass_columns_c, glass_columns_b, minmay_tall_x
D:3:      layout_loops_ring, old_standard_altar, minmay_misc_feat_roman
D:4:      layout_basic, mainiacjoe_overflow_six_doors_small,
          minmay_temple_entry_mini_moons, minmay_manual_mess
D:5:      layout_layer_cave, serial_shops, shop, uniq_ijyb, uniq_menkaure
D:6:      layout_loops_ring, trog_three_pillars_becter, kennysheep_dice
D:7:      layout_loops_cross, nicolae_vehumet_radiance, enter_ossuary_4,
          uniq_duvessa, uniq_prince_ribbit1
D:8:      layout_cave_pods, erik_lair_orcish_takeover, uniq_erica, uniq_psyche
D:9:      layout_basic, hangedman_decor_riveting
D:10:     lemuel_castle_with_subvaults [lemuel_castle_interior_carwin_1],
          layout_irregular_city, mainiacjoe_overflow_boulevard,
          nicolae_overflow_hidden_temple,
          kennysheep_orc_monster_closet_entryway, hangedman_glass_teeth,
          roderic_roman_lattice, uniq_joseph, uniq_harold
D:11:     layout_basic, uniq_fannar
D:12:     wad_lake_hut, layout_irregular_city, serial_demonic, serial_demonic_e,
          serial_demonic_a, serial_demonic_d, serial_demonic_b
D:13:     layout_loops_corners, david_vaults_4, nzn_ghost_randoct
D:14:     layout_basic, serial_park_tiny_1
D:15:     gammafunk_enter_depths_forms, layout_cave_pools, nicolae_wwwww,
          uniq_jorgrun
Temple:   nicolae_temple_no_exploring_needed
Lair:1:   layout_regular_city, worms_lemuel
Lair:2:   wander_river, layout_hall_layers, guppyfry_snake_entry_garden,
          disabler_island, infiniplex_staircase_pool_2, uniq_amaemon
Lair:3:   layout_small_grid, minmay_swamp_entry_swarm, beast_lair_carwin_2
Lair:4:   layout_cellular_growth, uniq_snorg
Lair:5:   evil_forest, layout_regular_city, minmay_slime_entry_pillars,
          chequers_serial_rivers_small_3, grunt_megastairs_4, lemuel_fruit_tree,
          uniq_rupert
Swamp:1:  layout_falls_marsh, evilmike_swamp_ruin_house_6
Swamp:2:  layout_falls_marsh, evilmike_swamp_ruin_house_1, swamp_pool1
Snake:1:  layout_onion, grunt_megastairs_3, uniq_frances
Snake:2:  layout_onion_interference, serial_bayou_shore_a, uniq_kirke,
          uniq_saint_roka
Snake:3:  layout_cave_town, ebering_ghost_reflecting_pool
Snake:4:  snake_pit_salamanders_mu, layout_grid_shapes,
          portal_ice_cave_entry_pillars_1
Orc:1:    layout_caves, serial_shops, nicolae_shop_bloodbath_and_beyond,
          hellmonk_bongcloud_opening, uniq_sonja
Orc:2:    st_orc_open, layout_caves
Vaults:1: nicolae_vaults_murderbox, hangedman_vaults_variations,
          hangedman_vaults_nails, grunt_vaults_funnel, v_misc_27,
          layout_vaults_quadrants
Vaults:2: gammafunk_ghost_crypt, v_misc_1, st_hourglassy,
          vaults_room_semicircle, hangedman_vaults_cutoff, v_pattern_3,
          vaults_room_octagon, v_alt_pattern_4, ontoclasm_vaults_twist,
          nicolae_vaults_little_squares_2, layout_vaults_ring, serial_shops,
          shop
Vaults:3: ontoclasm_vaults_spin, minmay_crypt_entry_skeletal_spiral,
          st_more_cells, nicolae_vaults_windows_and_doors_thing, v_misc_8,
          vaults_room_door_hall, nicolae_vaults_big_angled_halls,
          hangedman_vaults_maws, nicolae_vaults_big_angled_halls,
          nicolae_vaults_hallways_thing, vaults_dpeg_doors, v_rooms_3,
          vaults_dpeg_ring, serial_ice_h, vaults_room_pool,
          layout_vaults_omnibox, serial_shops, shop

Skill      XL: |  1  2  3  4  5  6  7  8  9 10 11 12 13 14 15 16 17 18 |
---------------+-------------------------------------------------------+-----
Spellcasting   | 3 4 5 6 7 9 10 11 12 13 14 16 17 18 19 | 19.4
Hexes          | 4 5 6 7 9 10 11 12 13 14 15 16 17 18 19 | 19.4
Stealth        | 5 6 8 10 12 13 14 15 16 18 19 21 22 23 | 23.8
Fighting       | 2 4 6 8 9 11 12 13 14 | 14.6
Dodging        | 4 5 7 9 11 12 14 15 17 18 | 18.7
Short Blades   | 2 6 9 10 11 12 | 12.0

Action                   |  1- 3 |  4- 6 |  7- 9 | 10-12 | 13-15 | 16-18 | 19-21 || total
-------------------------+-------+-------+-------+-------+-------+-------+-------++-------
Melee: Dagger            |   188 |   103 |   289 |   468 |   794 |   894 |    41 ||  2777
       Punch             |     5 |     3 |     9 |     5 |     9 |    10 |       ||    41
Throw: Dart              |       |       |       |     2 |       |     2 |       ||     4
 Cast: Ensorcelled Hiber |    12 |    17 |    47 |    97 |   161 |   163 |    18 ||   515
       Confusing Touch   |       |     4 |     7 |     9 |    14 |    16 |     1 ||    51
       Tukima's Dance    |       |       |    12 |    40 |    32 |    70 |     2 ||   156
       Dazzling Flash    |       |       |     5 |    23 |    58 |   109 |     4 ||   199
       Anguish           |       |       |       |     1 |       |       |       ||     1
       Teleport Other    |       |       |       |       |     4 |       |       ||     4
       Summon Mana Viper |       |       |       |       |       |     3 |       ||     3
       Enfeeble          |       |       |       |       |       |     1 |       ||     1
       Dispel Undead     |       |       |       |       |       |       |    16 ||    16
Invok: Shadow Step       |       |       |       |     2 |     8 |     8 |       ||    18
Evoke: Wand              |       |       |       |     3 |     9 |    15 |       ||    27
       Lightning rod     |       |       |       |       |       |     4 |       ||     4
       Box of beasts     |       |       |       |       |       |     1 |       ||     1
       Condenser vane    |       |       |       |       |       |     4 |       ||     4
  Use: Scroll            |     7 |     6 |    11 |     8 |     8 |    10 |     2 ||    52
       Potion            |       |     1 |     5 |       |     8 |     9 |     1 ||    24
 Stab: Sleeping          |    21 |    20 |    48 |    87 |   192 |   229 |    23 ||   620
       Distracted        |     1 |       |     4 |    17 |     7 |    18 |     5 ||    52
       Confused          |       |     3 |     6 |     9 |    11 |    20 |     2 ||    51
       Invisible         |       |       |     5 |    23 |    56 |   103 |     2 ||   189
Armor: Robe              |    20 |    12 |    51 |    34 |    49 |    55 |     9 ||   230
Dodge: Dodged            |   155 |    43 |   307 |   419 |   762 |   986 |    93 ||  2765
       Repelled          |       |       |       |       |     1 |       |       ||     1

Table legend: (Time is in decaauts)
 A = Elapsed time spent in this place.
 B = Non-inter-level travel time spent in this place.
 C = Inter-level travel time spent in this place.
 D = Time resting spent in this place.
 E = Time spent auto-exploring this place.
 F = Levels seen in this place.
 G = Mean time per level.
                   A        B        C        D        E       F      G
               +--------+--------+--------+--------+--------+-----+--------+
         Total |  28958 |  27309 |   1649 |   3209 |  17317 |  33 |  877.5 |
       Dungeon |  13439 |  12723 |    716 |   1287 |   8405 |  15 |  895.9 |
        Temple |     10 |      6 |      4 |      0 |      0 |   1 |   10.0 |
          Lair |   3714 |   3468 |    246 |      0 |   2618 |   5 |  742.8 |
         Swamp |   1113 |   1070 |     43 |     14 |    762 |   2 |  556.5 |
     Snake Pit |   5725 |   5297 |    428 |    836 |   3148 |   4 | 1431.2 |
  Orcish Mines |   1490 |   1420 |     70 |    247 |    839 |   2 |  745.0 |
        Vaults |   3107 |   2967 |    140 |    719 |   1470 |   3 | 1035.7 |
       Ossuary |    357 |    357 |      0 |    105 |     73 |   1 |  357.0 |
               +--------+--------+--------+--------+--------+-----+--------+

Top non-repeatable levels by time:
 Snake:4: 2177 daAuts
    D:10: 2137 daAuts
Vaults:1: 1736 daAuts
    D:12: 1304 daAuts
Vaults:2: 1291 daAuts
 Snake:1: 1282 daAuts
 Snake:2: 1204 daAuts
     D:8: 1190 daAuts
    D:15: 1097 daAuts
 Snake:3: 1062 daAuts
  Lair:5: 994 daAuts
   Orc:2: 934 daAuts
    D:14: 863 daAuts
     D:9: 851 daAuts
 Swamp:1: 814 daAuts
